 Dungeon Crawl Stone Soup version 0.25.0-1-g7eea58d2a3 (webtiles) character file.

Game seed: 3698486231795777045

323 Aviak the Cutter (level 6, -4/30 HPs)
             Began as a Vine Stalker Wizard on June 13, 2020.
             Was an Initiate of Ru.
             Killed from afar by Dowan (14 damage)
             ... with a stone arrow
             ... on level 4 of the Dungeon.
             The game lasted 00:07:36 (3983 turns).

Aviak the Cutter (Vine Stalker Wizard)              Turns: 3983, Time: 00:07:37

Health: -4/30      AC:  4    Str:  9    XL:     6   Next: 47%
Magic:  0/12       EV: 11    Int: 20    God:    Ru [......]
Gold:   157        SH:  0    Dex: 13    Spells: 9/12 levels left

rFire    . . .     SeeInvis .   j - +1 dagger (elec)
rCold    . . .     Gourm    .   (no shield)
rNeg     . . .     Faith    .   g - +0 leather armour
rPois    .         Spirit   +   b - +0 hat
rElec    .         Reflect  .   (no cloak)
rCorr    .         Harm     .   u - +0 pair of gloves
MR       .....                  (no boots)
Stlth    ++........             (no amulet)
HPRegen  0.50/turn              (no ring)
MPRegen  0.13/turn              (no ring)

@: about to teleport
A: fangs 2, regeneration 1, magic shield, antimagic bite, no potion heal 3, rot
immunity
a: Renounce Religion


You were on level 4 of the Dungeon.
You worshipped Ru.
Ru was noncommittal.
You were hungry.

You visited 1 branch of the dungeon, and saw 4 of its levels.

You collected 157 gold pieces.

Inventory:

Hand Weapons
 j - a +1 dagger of electrocution (weapon)
Armour
 b - a +0 hat (worn)
 g - a +0 leather armour (worn)
 u - a +0 pair of gloves (worn)
Wands
 o - a wand of acid (14)
Scrolls
 a - a scroll of enchant weapon {unknown}
 e - 2 scrolls of enchant armour {unknown}
 f - a scroll of immolation {unknown}
 h - a scroll of random uselessness {unknown}
 i - a scroll of identify
 k - 5 scrolls of amnesia {unknown}
 l - 2 scrolls of fear {unknown}
 p - a scroll of magic mapping {unknown}
 r - 2 scrolls of remove curse
 t - 4 scrolls of teleportation
Potions
 c - 4 potions of curing
 m - 2 potions of magic
 n - a potion of lignification {!q}
 s - a potion of degeneration {unknown}
Comestibles
 d - 7 rations


   Skills:
 - Level 2.1 Fighting
 + Level 4.3 Short Blades
 - Level 1.5 Dodging
 - Level 2.4 Stealth
 - Level 3.5 Spellcasting
 - Level 2.0 Conjurations
 - Level 2.0 Summonings
   Level 1.0 Translocations


You had 9 spell levels left.
You knew the following spells:

 Your Spells              Type           Power        Failure   Level  Hunger
a - Magic Dart            Conj           ##..         9%          1    None
b - Call Imp              Summ           ##......     13%         2    ##.....

Your spell library contained the following spells:

 Spells                   Type           Power        Failure   Level  Hunger
 Blink                    Tloc           N/A          19%         2    ##.....
 Slow                     Hex            #.......     28%         2    ##.....
 Conjure Flame            Conj/Fire      #.......     36%         3    ###....
 Mephitic Cloud           Conj/Pois/Air  #.......     41%         3    ###....


Dungeon Overview and Level Annotations

Branches:
Dungeon (4/15)
 Temple: D:4-7

Altars:
Dithmenos
Fedhas
Kikubaaqudgha
Ru

Annotations:
D:4 Dowan


Innate Abilities, Weirdness & Mutations

You have extremely sharp teeth.
Your natural rate of healing is unusually fast.
When hurt, damage is shared between your health and your magic reserves.
Your bite disrupts and absorbs the magic of your enemies.
Potions cannot restore your health.
You are immune to rotting.


Message History

a +0 dagger; a +0 short sword; a cursed +0 leather armour; an orc corpse the elf corpse of Duvessa Dowan shakes with grief.
Dowan casts a spell at you. The stone arrow hits you!
You have no ailments to cure.
Okay, then.
Casting: Magic Dart (safe; 9% risk of failure)
Confirm with . or Enter, or press ? or * to list all spells.
A beastly little devil appears in a puff of flame.
You are feeling hungry.
Something hits you. Dowan barely misses you.
Okay, then.
You have no ailments to cure.
You closely miss Dowan. Something hits you. Dowan hits you but does no damage.
As you read the scroll of teleportation, it crumbles to dust.
You feel strangely unstable.
Dowan points at you and mumbles some strange words.
The stone arrow hits you!
You die...

.......# .....
##.....###.... .
#......##..# .
##..........# .##
e.....!†...# ..##
........#.)####...##.
........##)).#.......
...............5.....
.........#...{@..#...
.......#.#....e#...#
.......##..5........#
##.....#.#.##..#.....#
............#>.#....##
....###....).........#
.#.........)...#......#
.#........#######...###
..........# ##.#


You could see Dowan (fast) and 2 friendly crimson imps.

Vanquished Creatures
  Duvessa (D:4)
  A worker ant (D:4)
  Terence (D:3)
  4 adders (D:3)
  2 oozes
  An adder skeleton (D:4)
  3 worms
  A dart slug (D:3)
  3 leopard geckos
  13 orcs
  A ball python (D:2)
  5 bats
  A giant cockroach (D:1)
  12 goblins
  3 hobgoblins
  4 jackals
  10 kobolds
  A frilled lizard (D:2)
  6 rats
73 creatures vanquished.

Vanquished Creatures (collateral kills)
  A bullfrog skeleton (D:4)
  Robin (D:3)
  An adder (D:3)
  8 orcs
  7 goblins (D:3)
  2 hobgoblins (D:3)
  A kobold (D:3)
21 creatures vanquished.

Vanquished Creatures (others)
  An orc (D:4)
1 creature vanquished.

Grand Total: 95 creatures vanquished

Notes
Turn   | Place    | Note
-------+----------+-------------------------------------------
     0 | D:1      | Aviak the Vine Stalker Wizard began the quest for the Orb.
     0 | D:1      | Reached XP level 1. HP: 9/9 MP: 5/5
   178 | D:1      | Reached XP level 2. HP: 11/14 MP: 4/7
  1230 | D:2      | Reached skill level 1 in Fighting
  1427 | D:2      | Reached XP level 3. HP: 6/18 MP: 0/9
  1765 | D:2      | Learned a level 2 spell: Call Imp
  2069 | D:2      | Found a blossoming altar of Fedhas.
  2070 | D:2      | Found an ancient bone altar of Kikubaaqudgha.
  2288 | D:3      | Noticed Terence
  2387 | D:3      | Noticed Robin
  2401 | D:3      | Killed Robin
  2405 | D:3      | Gained mutation: Your natural rate of healing is unusually
                  | fast. [Vine Stalker growth]
  2405 | D:3      | Reached XP level 4. HP: 14/23 MP: 2/10
  2785 | D:3      | Reached skill level 1 in Short Blades
  2992 | D:3      | Killed Terence
  2992 | D:3      | Reached skill level 2 in Short Blades
  2992 | D:3      | Reached XP level 5. HP: 26/26 MP: 3/11
  3260 | D:2      | Found a sacrificial altar of Ru.
  3265 | D:2      | Became a worshipper of Ru the Awakened
  3373 | D:3      | Found a shadowy altar of Dithmenos.
  3690 | D:4      | Reached skill level 3 in Short Blades
  3890 | D:4      | Reached XP level 6. HP: 30/30 MP: 12/12
  3956 | D:4      | Noticed Dowan
  3960 | D:4      | Noticed Duvessa
  3976 | D:4      | Killed Duvessa
  3976 | D:4      | Reached skill level 4 in Short Blades
  3983 | D:4      | Killed from afar by Dowan

Illustrated notes

Levels and vault maps discovered:
D:1:      onia_arrival_mini_spirals, layout_loops_ring
D:2:      lemuel_upstairs_altar, layout_basic,
          grunt_temple_overflow_growth_and_decay
D:3:      minmay_door_path, layout_basic, marbit_many_paths, uniq_terence,
          uniq_robin
D:4:      layout_cave_pools, lemuel_coloured_pillars_altar, minitemple,
          first_ration, uniq_duvessa, uniq_eustachio

Skill      XL: |  1  2  3  4  5  6 |
---------------+-------------------+-----
Conjurations   | 2 |  2.0
Fighting       | 1 2 |  2.1
Summonings     | 2 |  2.0
Short Blades   | 2 3 4 |  4.3
Dodging        | |  1.5
Stealth        | |  2.4
Spellcasting   | |  3.5
Translocations | |  1.0

Action                   |  1- 3 |  4- 6 || total
-------------------------+-------+-------++-------
Melee: Dagger            |    86 |   129 ||   215
       Bite              |    15 |    21 ||    36
       Unarmed           |     2 |       ||     2
 Cast: Magic Dart        |    34 |    10 ||    44
       Call Imp          |     5 |    19 ||    24
Evoke: Wand              |       |     1 ||     1
  Use: Scroll            |     4 |     2 ||     6
 Stab: Sleeping          |     3 |     1 ||     4
       Distracted        |       |     1 ||     1
  Eat: Chunk             |     4 |     6 ||    10
Armor: Robe              |     5 |       ||     5
       Leather armour    |    23 |    23 ||    46
Dodge: Dodged            |    65 |    74 ||   139
